 Dungeon Crawl Stone Soup version 0.20-a0-1124-g2e29d97 (webtiles) character file.

95 anfisbena the Skirmisher (level 4, -7/42 HPs)
             Began as a Hill Orc Fighter on May 15, 2017.
             Mangled by anfisbena's ghost (16 damage)
             ... on level 3 of the Dungeon.
             The game lasted 00:01:28 (2014 turns).

anfisbena the Skirmisher (Hill Orc Fighter)         Turns: 2014, Time: 00:01:28

Health: -7/42      AC:  6    Str: 23    XL:     4   Next: 66%
Magic:  4/4        EV:  7    Int:  8    God:
Gold:   199        SH:  9    Dex: 11    Spells: 3/3 levels left

rFire    . . .     SeeInvis .   a - +0 war axe
rCold    . . .     Gourm    .   c - +0 shield
rNeg     . . .     Faith    .   b - +0 scale mail
rPois    .         Spirit   .   (no helmet)
rElec    .         Reflect  .   l - scarf {cloud immunity}
rCorr    .         Harm     .   (no gloves)
MR       .....                  (no boots)
Stlth    ..........             (no amulet)
Regen    0.2/turn               (no ring)
MPRegen  0.1/turn               (no ring)

@: mighty, lethally poisoned (-7 -> -9)
A: no striking features
a: no special abilities


You were on level 3 of the Dungeon.
You were not hungry.

You visited 1 branch of the dungeon, and saw 3 of its levels.

You collected 199 gold pieces.

Inventory:

Hand Weapons
 a - a +0 war axe (weapon)
Armour
 b - a +0 scale mail (worn)
 c - a +0 shield (worn)
 l - a scarf of cloud immunity (worn)
Scrolls
 e - 3 scrolls of enchant armour {unknown}
 j - 5 scrolls of identify {unknown}
 q - 2 scrolls of remove curse {unknown}
 r - a scroll of teleportation {unknown}
 s - a scroll of noise {unknown}
Potions
 g - a potion of flight {unknown}
 h - a potion of haste {unknown}
 i - a potion of agility {unknown}
 k - a potion of degeneration {unknown}
 n - 4 potions of curing {unknown}
 p - 2 potions of heal wounds
Comestibles
 f - 2 bread rations
 m - 4 royal jellies
 o - 3 meat rations
 t - 10 chunks of flesh


   Skills:
 + Level 5.0 Fighting
 + Level 5.0 Axes
 - Level 3.2 Armour
 - Level 3.2 Shields


You had 3 spell levels left.
You didn't know any spells.

Dungeon Overview and Level Annotations

Branches:
Dungeon (3/15)

Altars:
The Shining One

Annotations:
D:3 anfisbena's ghost, amateur HOFi


Message History

You slash anfisbena's ghost!
Anfisbena's ghost is heavily damaged.
You hit the ooze.
The ooze jiggles.
The ooze hits you but does no damage.
Anfisbena's ghost hits you but does no damage.
You slash anfisbena's ghost!
Anfisbena's ghost is severely damaged.
You hit the ooze.
You feel sick. You block the ooze's attack. Anfisbena's ghost hits you.
* * * LOW HITPOINT WARNING * * *
The ooze barely misses you.
You slash anfisbena's ghost!
Anfisbena's ghost is severely damaged.
You slash the ooze!
You kill the ooze!
Your Fighting skill increases to level 5!
Your Axes skill increases to level 5!
Anfisbena's ghost hits you!
You die...

#####.######### #
#.............. ##
#.###..>########.####.
#.# ###.# #...... #.#
#.# ####### #.# #.#
#.# #.# ##.#####.#
#....(@W.# #######).#
##>## ..# .######
#8...8 .... .......
#.....# .#..# .######
#8.....8 ...##
##.....##.. . #8...8#
.. ## ##### .....


You could see anfisbena's ghost.

Vanquished Creatures
  3 gnolls (D:3)
  2 adders (D:2)
  An ooze (D:3)
  2 worms (D:3)
  2 leopard geckos (D:3)
  An orc (D:3)
  A giant cockroach (D:2)
  6 hobgoblins
  6 kobolds
  4 bats
  4 goblins
  8 rats
40 creatures vanquished.

Notes
Turn   | Place    | Note
-------+----------+-------------------------------------------
     0 | D:1      | anfisbena the Hill Orc Fighter began the quest for the Orb.
     0 | D:1      | Reached XP level 1. HP: 19/19 MP: 1/1
   342 | D:1      | Reached XP level 2. HP: 25/27 MP: 2/2
   865 | D:2      | Reached XP level 3. HP: 27/33 MP: 3/3
  1092 | D:2      | Found a glowing golden altar of the Shining One.
  1812 | D:3      | Reached XP level 4. HP: 41/41 MP: 4/4
  2008 | D:3      | Noticed anfisbena's ghost (amateur HOFi)
  2014 | D:3      | Reached skill level 5 in Fighting
  2014 | D:3      | Reached skill level 5 in Axes
  2014 | D:3      | Mangled by anfisbena's ghost

Vault maps used:
D:1:      scummos_arrival_simple_fountains, roderic_digamma_sauvastika,
          minmay_tiny_reverse_x
D:2:      lemuel_crystal_altar, first_bread
D:3:      led_sif_book, nicolae_overflow_hidden_temple

Skill      XL: |  1  2  3  4 |
---------------+-------------+-----
Axes           | 3 4 5 |  5.0
Fighting       | 4 5 |  5.0
Armour         | |  3.2
Shields        | |  3.2

Action                   |  1- 3 |  4- 6 || total
-------------------------+-------+-------++-------
Melee: War axe           |   116 |    28 ||   144
  Use: Potion            |     1 |     1 ||     2
  Eat: Chunk             |     3 |     1 ||     4
Armor: Scale mail        |    46 |     8 ||    54
Dodge: Dodged            |    40 |     9 ||    49
Block: Shield            |    63 |    15 ||    78
